 Dungeon Crawl Stone Soup version 0.30-a0-824-g6c64550be9 (webtiles) character file.

Game seed: 11214546607644890706

25 qeuew the Trooper (level 2, 0/24 HPs)
             Began as a Demonspawn Monk on Feb 27, 2023.
             Slain by a goblin
             ... wielding a +0 dagger
              (2 damage)
             ... on level 1 of the Dungeon.
             The game lasted 00:00:50 (440 turns).

qeuew the Trooper (Demonspawn Monk)                  Turns: 440, Time: 00:00:51

Health: 0/24       AC:  2    Str: 11    XL:     2   Next: 82%
Magic:  2/2        EV: 13    Int: 11    God:
Gold:   53         SH:  4    Dex: 15    Spells: 1/1 levels left

rFire   . . .      SeeInvis .    a - +0 falchion
rCold   . . .      Faith    .    (no shield)
rNeg    . . .      Spirit   .    b - +0 robe
rPois   .          Reflect  .    (no helmet)
rElec   .          Harm     .    (no cloak)
rCorr   .          Rampage  .    (no gloves)
Will    .....                    (no boots)
Stlth   ++                       (no amulet)
HPRegen 0.24/turn                (no ring)
MPRegen 0.08/turn                (no ring)

@: no status effects
A: large bone plates 1
a: no special abilities


You were on level 1 of the Dungeon.
You visited 1 branch of the dungeon, and saw 1 of its levels.

You collected 53 gold pieces.

Inventory:

Hand Weapons
 a - a +0 falchion (weapon)
Armour
 b - a +0 robe (worn)
Jewellery
 f - a ring of protection from fire
 i - a ring of resist corrosion
Scrolls
 e - a scroll of fog {unknown}
 h - a scroll of teleportation {unknown}
Potions
 c - a potion of ambrosia
 d - 2 potions of curing {unknown}
 g - a potion of attraction {unknown}


   Skills:
 + Level 3.2 Fighting
 * Level 3.1 Long Blades
 * Level 1.1 Armour
 + Level 2.8 Dodging
 - Level 1.7 Stealth


You had one spell level left.
You didn't know any spells.
Your spell library was empty.

Dungeon Overview and Level Annotations

Branches:
Dungeon (1/15)

Altars:


Innate Abilities, Weirdness & Mutations

You are partially covered in large bone plates. (SH +4)


Message History

You hit the rat.
The rat is severely wounded.
The kobold misses you. The rat bites you but does no damage.
The frilled lizard barely misses you.
You hit the rat.
You kill the rat!
The kobold closely misses you. You block the frilled lizard's attack.
You hit the kobold.
You kill the kobold!
The frilled lizard closely misses you.
The rat twitches its whiskers.
You hit the rat.
The rat is moderately wounded.
The frilled lizard bites you.
* * * LOW HITPOINT WARNING * * *
The rat bites you but does no damage.
You closely miss the rat.
The rat is moderately wounded.
The frilled lizard closely misses you. The rat barely misses you.
The frilled lizard barely misses you. The rat closely misses you.
You barely miss the rat.
The rat is moderately wounded.
The frilled lizard bites you.
* * * LOW HITPOINT WARNING * * *
The rat bites you but does no damage.
You closely miss the rat.
The rat is moderately wounded.
The frilled lizard closely misses you. You block the rat's attack.
You hit the rat.
You kill the rat!
The frilled lizard closely misses you.
You barely miss the goblin. You block the frilled lizard's attack.
The goblin closely misses you.
You closely miss the goblin.
The frilled lizard bites you but does no damage.
The goblin hits you but does no damage.
You barely miss the goblin. The frilled lizard bites you.
* * * LOW HITPOINT WARNING * * *
The goblin hits you with a +0 dagger.
You die...

## #. ########### #.
#.........# #.
#.........# #.
#.........# ##.
..########........)# #..
......l†..#....#######.#
....).g@.....#.#.......#
...#######.....†........
#.........#####..
...............#...
.....#######..#...##
##### ##.###... #)###...
#.#....# #...#..#


You could see a goblin and a frilled lizard.

Vanquished Creatures
  3 ball pythons (D:1)
  A bat (D:1)
  2 endoplasms (D:1)
  A giant cockroach (D:1)
  2 goblins (D:1)
  3 hobgoblins (D:1)
  A quokka (D:1)
  A frilled lizard (D:1)
  4 kobolds (D:1)
  4 rats (D:1)
22 creatures vanquished.

Notes
Turn   | Place    | Note
-------+----------+-------------------------------------------
     0 | D:1      | qeuew the Demonspawn Monk began the quest for the Orb.
     0 | D:1      | Reached XP level 1. HP: 18/18 MP: 1/1
   147 | D:1      | Gained mutation: You are partially covered in large bone
                  | plates. (SH +4) [demonic ancestry]
   147 | D:1      | Reached XP level 2. HP: 15/24 MP: 2/2
   403 | D:1      | Reached skill level 1 in Armour
   440 | D:1      | Slain by a goblin

Illustrated notes

Levels and vault maps discovered:
D:1:      giann_horns, layout_rooms, chequers_garden

Skill      XL: |  1  2 |
---------------+-------+-----
Long Blades    | 3 |  3.1
Armour         | 1 |  1.1
Fighting       | |  3.2
Dodging        | |  2.8
Stealth        | |  1.7

Action                     || total
---------------------------++-------
  Melee: Falchion          ||    78
         Punch             ||     1
   Stab: Sleeping          ||     3
 Armour: Robe              ||    20
  Dodge: Dodged            ||    68
  Block: Other             ||    16

Table legend: (Time is in decaauts)
 A = Elapsed time spent in this place.
 B = Non-inter-level travel time spent in this place.
 C = Inter-level travel time spent in this place.
 D = Time resting spent in this place.
 E = Time spent auto-exploring this place.
 F = Levels seen in this place.
 G = Mean time per level.
                   A        B        C        D        E       F      G
               +--------+--------+--------+--------+--------+-----+--------+
         Total |    451 |    451 |      0 |      0 |    301 |   1 |  451.0 |
       Dungeon |    451 |    451 |      0 |      0 |    301 |   1 |  451.0 |
               +--------+--------+--------+--------+--------+-----+--------+

Top non-repeatable levels by time:
     D:1: 451 daAuts
